 Dungeon Crawl Stone Soup version 0.27-a0-1319-geec4fb4e21 (webtiles) character file.

Game seed: 5851891828534014160

56 Gwenloh the Poker (level 3, -12/27 HPs)
             Began as a Merfolk Gladiator on June 22, 2021.
             Mangled by an ogre (30 damage)
             ... on level 3 of the Dungeon.
             The game lasted 00:04:54 (2300 turns).

Gwenloh the Poker (Merfolk Gladiator)               Turns: 2300, Time: 00:04:55

Health: -12/27     AC:  4    Str: 14    XL:     3   Next: 97%
Magic:  3/3        EV: 12    Int:  7    God:
Gold:   62         SH:  3    Dex: 16    Spells: 2/2 levels left

rFire    . . .     SeeInvis .   a - +0 trident
rCold    . . .     Faith    .   t - +0 buckler
rNeg     . . .     Spirit   .   b - +0 leather armour
rPois    .         Reflect  .   c - +0 helmet
rElec    .         Harm     .   (no cloak)
rCorr    .         Rampage  .   (no gloves)
Will     .....                  (no boots)
Stlth    +.........             (no amulet)
HPRegen  0.09/turn              (no ring)
MPRegen  0.08/turn              (no ring)

@: no status effects
A: (nimble swimmer 2), mertail
a: no special abilities


You were on level 3 of the Dungeon.
You visited 1 branch of the dungeon, and saw 3 of its levels.

You collected 62 gold pieces.

Inventory:

Hand Weapons
 a - a +0 trident (weapon)
Missiles
 d - 3 throwing nets
 h - 125 stones (quivered)
 k - 23 sling bullets
 l - 2 javelins
Armour
 b - a +0 leather armour (worn)
 c - a +0 helmet (worn)
 f - a +2 tower shield
 t - a +0 buckler (worn)
Jewellery
 q - a ring of protection from cold
 s - a ring of ice
Scrolls
 g - a scroll of torment {unknown}
 i - 2 scrolls of immolation {unknown}
 j - a scroll of identify {unknown}
 m - a scroll of magic mapping {unknown}
 p - a scroll of teleportation {unknown}
Potions
 e - a potion of brilliance
 n - a potion of flight {unknown}
 o - a potion of magic {unknown}
 r - a potion of curing {unknown}


   Skills:
 - Level 2.1 Fighting
 + Level 6.9 Polearms
 - Level 2.0 Throwing
 - Level 4.0 Dodging


You had 2 spell levels left.
You didn't know any spells.
Your spell library was empty.

Dungeon Overview and Level Annotations

Branches:
Dungeon (3/15)

Altars:


Innate Abilities, Weirdness & Mutations

((You are quick and stealthy near water. (Stealth+, EV+, Speed+++)))
Your lower body shifts to a powerful aquatic tail in water.


Message History

Your library has no spells.
You start putting on your armour.
You continue putting on your +0 buckler. x4
You finish putting on your +0 buckler.
h - 127 stones (gained 19)
Found a robe.
You see here a +0 robe.
Found a stone staircase leading up.
There is a stone staircase leading up here.
Found a twisted jewelled staff.
You see here a staff of conjuration.
You now have 62 gold pieces (gained 12).
An adder comes into view.
You throw a stone.
The stone hits the adder but does no damage.
The adder hisses angrily.
You hear a shout!
You throw a stone. The stone barely misses the adder.
You reach to attack!
You hit the adder.
The adder is lightly wounded.
You miss the adder.
The adder is lightly wounded.
The adder bites you.
An ogre comes into view. It is wielding a +0 giant club.
You closely miss the adder.
The adder is lightly wounded.
The adder barely misses you. The adder bites you but does no damage.
You hit the adder.
The adder is severely wounded.
You block the adder's attack.
You hit the adder but do no damage.
The adder is severely wounded.
The adder closely misses you. The adder barely misses you.
You hit the adder.
You kill the adder!
You hit the ogre but do no damage. The ogre barely misses you.
You barely miss the ogre. The ogre hits you with a +0 giant club!
You barely miss the ogre.
The ogre hits you with a +0 giant club!!
Ouch! That really hurt!
You die...

######.##
..........
#########.
## ###. .(
#... #(
#.#.
#..####
#.#.
#...O.#
#.#. #@#
#.#. #.#
.#######.#.
#.#
...........
#.#
########.#.
#.# #.#.
#.# #.[.
#.# ###.
#.# #. #.#
#########.


You could see an ogre.

Vanquished Creatures
  2 adders
  3 worms (D:2)
  2 dart slugs (D:1)
  2 giant cockroaches
  A hobgoblin (D:2)
  4 jackals (D:1)
  2 kobolds (D:1)
  A quokka (D:1)
  3 ball pythons
  A bat (D:1)
  2 frilled lizards (D:1)
  2 goblins
25 creatures vanquished.

Notes
Turn   | Place    | Note
-------+----------+-------------------------------------------
     0 | D:1      | Gwenloh the Merfolk Gladiator began the quest for the Orb.
     0 | D:1      | Reached XP level 1. HP: 16/16 MP: 1/1
     3 | D:1      | Noticed an electric eel
     4 | D:1      | Noticed an electric eel
   165 | D:1      | Reached skill level 5 in Polearms
   169 | D:1      | Reached XP level 2. HP: 11/22 MP: 2/2
   427 | D:1      | You fall into a shaft and drop 1 floor!
   510 | D:1      | HP: 1/22 [dart slug/slug dart (1)]
   833 | D:2      | Reached skill level 6 in Polearms
   833 | D:2      | Reached XP level 3. HP: 27/27 MP: 3/3
  2293 | D:3      | Noticed an ogre
  2300 | D:3      | Mangled by an ogre

Illustrated notes

Levels and vault maps discovered:
D:1:      arrival_aquarium_b, layout_loops_ring, minmay_misc_feat_room
D:2:      layout_basic, chequers_serial_rivers_marsh, skrybe_limestone_x,
          grunt_decor_clamped
D:3:      layout_loops_ring, overflow_temple_1_default,
          chequers_ecumenical_altar_island

Skill      XL: |  1  2 |
---------------+-------+-----
Polearms       | 5 6 |  6.9
Fighting       | |  2.1
Throwing       | |  2.0
Dodging        | |  4.0

Action                   || total
-------------------------++-------
Melee: Trident           ||    81
Throw: Stone             ||    26
  Use: Potion            ||     1
 Stab: Sleeping          ||     1
Armor: Leather armour    ||    22
Dodge: Dodged            ||    52
Block: Buckler           ||     1

Table legend: (Time is in decaauts)
 A = Elapsed time spent in this place.
 B = Non-inter-level travel time spent in this place.
 C = Inter-level travel time spent in this place.
 D = Time resting spent in this place.
 E = Time spent auto-exploring this place.
 F = Levels seen in this place.
 G = Mean time per level.
                   A        B        C        D        E       F      G
               +--------+--------+--------+--------+--------+-----+--------+
         Total |   2298 |   2180 |    118 |    448 |   1373 |   3 |  766.0 |
       Dungeon |   2298 |   2180 |    118 |    448 |   1373 |   3 |  766.0 |
               +--------+--------+--------+--------+--------+-----+--------+

Top non-repeatable levels by time:
     D:1: 1193 daAuts
     D:2: 957 daAuts
     D:3: 147 daAuts
